AoeStats
← Jaquematepastor

Oasis

509492873Analyzed
2v2 RM · 7d ago on Sep 27, 2026· 29m 18s· 4 players
Game mode
Random Map
Map size
Medium (4 player)
Population
200
Speed
Normal
Resources
Standard
Victory
Conquest
Starting age
Dark Age
Ending age
Imperial Age
RankedLock teamsTeams togetherTeam positionsShared explorationLock speedFull tech treeHidden civsTurbo modeCheats
Victory
Defeat
🇺🇸 Slavs · United States
1070
+14
🇺🇸 Varangians · United States
1066
+14
🇺🇾 Vietnamese · Uruguay
1056
-44
🇹🇷 Byzantines · Türkiye
1008
-13
Jaquematepastor
11:46 Feudal Age
12:55 Double-Bit Axe
14:10 Horse Collar
26:30 Castle Age
28:50 Heavy Plow
✪ Unsatisfied
6:25 Loom
10:09 Feudal Age
22:16 Castle Age
Streetlamp Le Moose
6:25 Loom
9:36 Feudal Age
11:00 Double-Bit Axe
10:57 Horse Collar
11:59 Forging
20:49 Castle Age
20:24 Gold Mining
21:47 Bloodlines
21:37 Husbandry
22:12 Scale Barding Armor
28:59 Bow Saw
29:58 Iron Casting
29:46 Chain Barding Armor
29:31 Heavy Plow
JakeyHaHa
4:15 Loom
7:25 Loom
9:54 Feudal Age
10:34 Double-Bit Axe
13:17 Bloodlines
14:42 Forging
16:20 Horse Collar
17:13 Scale Barding Armor
19:12 Wheelbarrow
22:22 Castle Age
24:30 Iron Casting
24:50 Husbandry
26:53 Hand Cart
26:51 Bow Saw
26:44 Heavy Plow
27:25 Chain Barding Armor
Connection lost

Rejoining the realm…

Still unreachable

The connection could not be restored.

Session expired

The server has moved on; the page needs a fresh start.